 Dungeon Crawl Stone Soup version 0.22.1-2-g9c5b331383 (webtiles) character file.

68 vukodlakh the Chopper (level 4, -10/40 HPs)
             Began as a Hill Orc Monk on Dec 1, 2018.
             Killed by nerve-wracking pain
             ... invoked by an orc priest
              (13 damage)
             ... on level 2 of the Dungeon.
             The game lasted 00:07:32 (1752 turns).

vukodlakh the Chopper (Hill Orc Monk)               Turns: 1752, Time: 00:07:33

Health: -10/40     AC: 10    Str: 14    XL:     4   Next: 19%
Magic:  4/4        EV:  6    Int: 10    God:
Gold:   82         SH:  3    Dex: 13    Spells: 3/3 levels left

rFire    . . .     SeeInvis .   a - +0 hand axe
rCold    . . .     Gourm    .   b - +0 buckler
rNeg     . . .     Faith    .   h - +0 chain mail
rPois    .         Spirit   .   p - +0 helmet
rElec    .         Reflect  .   (no cloak)
rCorr    .         Harm     .   f - +0 pair of gloves
MR       .....                  (no boots)
Stlth    ..........             (no amulet)
HPRegen  0.13/turn              (no ring)
MPRegen  0.09/turn              (no ring)

@: no status effects
A: no striking features
a: Convert to Beogh


You were on level 2 of the Dungeon.
You were not hungry.

You visited 1 branch of the dungeon, and saw 3 of its levels.

You collected 82 gold pieces.

Inventory:

Hand Weapons
 a - a +0 hand axe (weapon)
 n - a +0 battleaxe
Missiles
 e - 45 stones (quivered)
Armour
 b - a +0 buckler (worn)
 f - a +0 pair of gloves (worn)
 h - a +0 chain mail (worn)
 p - a +0 helmet (worn)
Scrolls
 g - 3 scrolls of teleportation {unknown}
 i - 2 scrolls of random uselessness {unknown}
 k - a scroll of identify {unknown}
 m - a scroll of fog {unknown}
Potions
 d - a potion of heal wounds {unknown}
 j - 2 potions of lignification {unknown}
 l - a potion of curing {unknown}
 o - 2 potions of agility {unknown}
Comestibles
 c - 3 rations


   Skills:
 + Level 4.0 Fighting
 + Level 5.3 Axes
 + Level 0.1 Throwing
 + Level 0.8 Armour
 + Level 2.9 Dodging
 + Level 1.6 Stealth


You had 3 spell levels left.
You didn't know any spells.
Your spell library was empty.

Dungeon Overview and Level Annotations

Branches:
Dungeon (3/15)

Altars:
Uskayaw
Xom


Message History

The orc priest is lightly wounded.
You closely miss the orc priest.
The orc priest is lightly wounded.
The orc priest mumbles some strange prayers to Beogh against you.
Pain shoots through your body!
* * * LOW HITPOINT WARNING * * *
The orc priest shouts, "Beogh is our master!
Accept the truth or die!"
The orc priest completely misses you.
There is a stone staircase leading up here.
The orc priest hits you with a mace.
* * * LOW HITPOINT WARNING * * *
You climb upwards.
There is a stone staircase leading down here.
The orc priest hits you but does no damage.
The orc priest calls down the wrath of Beogh upon you.
Pain shoots through your body!
* * * LOW HITPOINT WARNING * * *
The orc priest mumbles some strange prayers to Beogh against you.
Pain shoots through your body!
You die...

.........# #.# .........##
#.# ....(.....# #.#
..........# #.#
..........# #.#
........#.# #.#
........#.## #.#
........#..#############.#
........#.>..o..@........#
........##################
........# ........#
#########


You could see an orc priest.

Vanquished Creatures
  An adder (D:2)
  An ooze (D:2)
  3 dart slugs
  3 leopard geckos (D:1)
  2 orcs (D:3)
  A giant cockroach (D:1)
  5 goblins
  A hobgoblin (D:1)
  2 jackals (D:2)
  6 kobolds
  A quokka (D:2)
  10 bats
  3 frilled lizards (D:1)
  4 rats
43 creatures vanquished.

Notes
Turn   | Place    | Note
-------+----------+-------------------------------------------
     0 | D:1      | vukodlakh the Hill Orc Monk began the quest for the Orb.
     0 | D:1      | Reached XP level 1. HP: 19/19 MP: 1/1
    94 | D:1      | Reached XP level 2. HP: 25/27 MP: 2/2
   400 | D:1      | Reached XP level 3. HP: 33/33 MP: 3/3
  1052 | D:2      | Reached skill level 5 in Axes
  1237 | D:2      | Found a shimmering altar of Xom.
  1373 | D:2      | Reached XP level 4. HP: 38/40 MP: 4/4
  1629 | D:2      | Found a hide-covered altar of Uskayaw.
  1749 | D:2      | HP: 2/40 [orc priest/nerve-wracking pain (5)]
  1752 | D:2      | Killed from afar by an orc priest

Skill      XL: |  1  2  3 |
---------------+----------+-----
Axes           | 5 |  5.3
Fighting       | 4 |  4.0
Throwing       | |  0.1
Armour         | |  0.8
Dodging        | |  2.9
Stealth        | |  1.6

Action                   |  1- 3 |  4- 6 || total
-------------------------+-------+-------++-------
Melee: Hand axe          |   122 |    25 ||   147
Throw: Stone             |    67 |     9 ||    76
  Eat: Chunk             |     2 |       ||     2
       Ration            |       |     1 ||     1
Armor: Robe              |    15 |       ||    15
       Chain mail        |    71 |    13 ||    84
Dodge: Dodged            |    69 |     5 ||    74
Block: Buckler           |    11 |     2 ||    13
